 Dungeon Crawl Stone Soup version 0.29.1-2-gbd0b4ee654 (webtiles) character file.

Game seed: 15563567415848454002

76 GorkyZ the Chopper (level 4, -2/27 HPs)
             Began as a Gargoyle Gladiator on Nov 23, 2022.
             Slain by an orc wizard
             ... wielding a +3 dagger of venom
              (6 damage)
             ... on level 3 of the Dungeon.
             The game lasted 00:03:07 (1768 turns).

GorkyZ the Chopper (Gargoyle Gladiator)             Turns: 1768, Time: 00:03:07

Health: -2/27      AC:  9    Str: 19    XL:     4   Next: 32%
Magic:  4/4        EV: 11    Int:  9    God:
Gold:   140        SH:  0    Dex: 11    Spells: 3/3 levels left

rFire   . . .      SeeInvis .   t - +0 dagger (venom)
rCold   . . .      Faith    .   (no shield)
rNeg    + . .      Spirit   .   m - +0 ring mail
rPois   ∞          Reflect  .   c - +0 helmet
rElec   +          Harm     .   (no cloak)
rCorr   .          Rampage  .   (no gloves)
Will    .....                   (no boots)
Stlth   +.........              (no amulet)
HPRegen 0.09/turn               (no ring)
MPRegen 0.09/turn               (no ring)

@: no status effects
A: sickness immunity, AC +3, negative energy resistance 1, electricity
resistance, torment resistance 1, petrification resistance
a: no special abilities


You were on level 3 of the Dungeon.
You visited 1 branch of the dungeon, and saw 3 of its levels.

You collected 140 gold pieces.

Inventory:

Hand Weapons
 a - a +0 war axe
 t - a +0 dagger of venom (weapon)
Missiles
 d - 3 throwing nets (quivered)
 e - a javelin
 r - 3 boomerangs
Armour
 b - a +0 leather armour
 c - a +0 helmet (worn)
 m - a +0 ring mail (worn)
Wands
 o - a wand of charming (14)
Scrolls
 i - a scroll of enchant weapon {unknown}
 j - a scroll of summoning {unknown}
 l - a scroll of blinking {unknown}
 p - a scroll of torment {unknown}
 q - a scroll of magic mapping {unknown}
Potions
 f - a potion of berserk rage {unknown}
 g - a potion of magic {unknown}
 h - a potion of curing {unknown}
 k - 2 potions of mutation {unknown}
 n - a potion of cancellation {unknown}
 s - a potion of attraction {unknown}


   Skills:
 + Level 2.7 Fighting
 + Level 3.0 Axes
 + Level 2.1 Throwing
 + Level 1.2 Armour
 + Level 2.6 Dodging
 + Level 1.4 Shields
 + Level 1.1 Evocations


You had 3 spell levels left.
You didn't know any spells.
Your spell library contained the following spells:

 Spells                   Type           Power      Damage    Failure   Level
 Slow                     Hex            0%         N/A       56%         1
 Confusing Touch          Hex            0%         N/A       91%         3
 Gell's Gravitas          Tloc           0%         N/A       91%         3
 Lesser Beckoning         Tloc           0%         N/A       91%         3
 Teleport Other           Tloc           0%         N/A       91%         3
 Vampiric Draining        Necr           0%         2d6       91%         3


Dungeon Overview and Level Annotations

Branches:
Dungeon (3/15)

Altars:


Innate Abilities, Weirdness & Mutations

You are immune to sickness and miasma.
Your stone body is resilient. (AC +3)
You are immune to poison.
You resist negative energy. (rN+)
You are resistant to electric shocks. (rElec)
You are resistant to unholy torment.
You are immune to petrification.


Message History

The adder bites you but does no damage.
You miss the adder.
The adder is heavily wounded.
The adder bites you but does no damage.
The rat twitches its whiskers.
You hit the adder but do no damage.
The adder looks as sick as possible!
The adder is heavily wounded.
The adder barely misses you. The adder bites you but does no damage.
You hit the adder but do no damage.
The adder looks as sick as possible!
The adder is almost dead.
You kill the adder!
You hit the rat.
You kill the rat!
The orc hits you but does no damage.
You see here a rat corpse.
You barely miss the orc. You punch the orc.
The orc is severely wounded.
The orc hits you with a +0 club.
You hit the orc.
You kill the orc!
You closely miss something. Something hits you.
You barely miss something. Something hits you.
The orc wizard points at you and mumbles some strange words.
You closely miss something. The orc wizard casts a spell at you.
The orc throws a boomerang.
The orc wizard gestures wildly while chanting.
The orc wizard flickers and vanishes!
Something hits you.
You closely miss something.
You hear some strange, mumbled words.
A magic dart appears from out of thin air!
The magic dart hits you.
* * * LOW HITPOINT WARNING * * *
Something laughs crazily.
You miss something. Your punch misses something.
The orc throws a boomerang.
Something hits you.
* * * LOW HITPOINT WARNING * * *
Unknown command.
You closely miss something. Something hits you.
You die...

#########.##.
##o{{@........
##{o#######....
.######o.## #
........##
##...#ooo#
##...oo.#
.........#
...........
.........###


You could see an orc wizard and 2 orcs.

Vanquished Creatures
  Jessica (D:2)
  An adder (D:3)
  A dart slug (D:1)
  An orc (D:3)
  5 bats
  2 endoplasms
  A giant cockroach (D:1)
  3 goblins
  4 hobgoblins
  A quokka (D:2)
  3 ball pythons (D:2)
  6 frilled lizards
  4 kobolds
  7 rats
40 creatures vanquished.

Notes
Turn   | Place    | Note
-------+----------+-------------------------------------------
     0 | D:1      | GorkyZ the Gargoyle Gladiator began the quest for the Orb.
     0 | D:1      | Reached XP level 1. HP: 12/12 MP: 1/1
   161 | D:1      | Found a faded altar of an unknown god.
   166 | D:1      | Reached XP level 2. HP: 18/18 MP: 2/2
   897 | D:2      | Reached skill level 1 in Shields
  1005 | D:2      | Reached XP level 3. HP: 22/22 MP: 3/3
  1382 | D:2      | Noticed Jessica
  1388 | D:2      | Killed Jessica
  1389 | D:2      | Reached skill level 3 in Axes
  1389 | D:2      | Reached skill level 1 in Armour
  1389 | D:2      | Reached skill level 1 in Evocations
  1445 | D:2      | Reached XP level 4. HP: 24/27 MP: 4/4
  1768 | D:3      | Slain by an orc wizard

Illustrated notes

Levels and vault maps discovered:
D:1:      kennysheep_arrival_seaside, layout_rooms, basic_ecumenical_altar
D:2:      layout_loops_ring, uniq_jessica
D:3:      layout_rooms

Skill      XL: |  1  2  3 |
---------------+----------+-----
Shields        | 1 |  1.4
Throwing       | 2 |  2.1
Axes           | 3 |  3.0
Armour         | 1 |  1.2
Evocations     | 1 |  1.1
Fighting       | |  2.7
Dodging        | |  2.6

Action                   |  1- 3 |  4- 6 || total
-------------------------+-------+-------++-------
Melee: War axe           |    93 |     8 ||   101
       Punch             |     2 |     1 ||     3
       Dagger            |       |    18 ||    18
Armor: Leather armour    |    17 |       ||    17
       Ring mail         |    22 |    16 ||    38
Dodge: Dodged            |    64 |    13 ||    77
